 Dungeon Crawl Stone Soup version 0.27-a0-899-ge2d0b17c59 (webtiles) character file.

Game seed: 4375072252925623352

851 jestyr24 the Magician (level 8, -13/54 HPs)
             Began as a Djinni Conjurer on Apr 6, 2021.
             Was an Initiate of Elyvilon.
             Mangled by Pikel
             ... wielding a +1 whip of freezing
              (15 damage)
             ... on level 5 of the Dungeon.
             The game lasted 00:23:22 (4725 turns).

jestyr24 the Magician (Djinni Conjurer)             Turns: 4725, Time: 00:23:23

Health: -13/54     AC:  2    Str:  6    XL:     8   Next: 1%
Gold:   254        EV: 13    Int: 21    God:    Elyvilon [......] SH:  0 Dex: 15

rFire    + + +     SeeInvis .   H - +2 dagger (speed)
rCold    x . .     Faith    .   (no shield)
rNeg     . . .     Spirit   .   a - +0 robe
rPois    ∞         Reflect  .   (helmet restricted)
rElec    .         Harm     .   (no cloak)
rCorr    .         Rampage  .   (no gloves)
Will     .....                  (boots unavailable)
Stlth    ++........             p - amulet of regeneration
HPRegen  1.18/turn              (no ring)
MPRegen  0.00/turn              (no ring)

@: flying, very slightly contaminated, studying Short Blades
A: fire resistance 3, cold vulnerability 1, float, innate caster, hp casting,
extra vitality 1, horns 1, agile 1
a: Renounce Religion


You were on level 5 of the Dungeon.
You worshipped Elyvilon.
Elyvilon was noncommittal.
You visited 2 branches of the dungeon, and saw 6 of its levels.

You collected 254 gold pieces.

Inventory:

Hand Weapons
 G - a +2 mace of protection
 H - a +2 dagger of speed (weapon)
Missiles
 e - 18 poisoned darts
 g - a throwing net
 l - 73 stones
Armour
 a - a +0 robe (worn)
 y - a +0 helmet
Magical Staves
 s - a staff of death
Jewellery
 p - an amulet of regeneration (around neck)
Wands
 z - a wand of polymorph (8)
Scrolls
 d - 2 scrolls of fear
 i - 2 scrolls of fog
 o - a scroll of teleportation
 r - a scroll of enchant weapon {unknown}
 v - a scroll of torment {unknown}
 w - a scroll of blinking {unknown}
 A - a scroll of enchant armour {unknown}
 E - a scroll of identify
 F - a scroll of immolation {unknown}
Potions
 b - 2 potions of mutation
 c - a potion of resistance {unknown}
 h - a potion of degeneration {unknown}
 n - a potion of heal wounds
 q - a potion of might
 t - a potion of berserk rage {unknown}
 u - 2 potions of curing
 B - 2 potions of attraction {unknown}


   Skills:
 * Level 1.9 Fighting
 * Level 2.3 Short Blades
 * Level 3.7 Dodging
 * Level 2.9 Stealth
 + Level 7.0 Spellcasting


You had one spell level left.
You knew the following spells:

 Your Spells              Type           Power      Damage    Failure   Level
a - Magic Dart            Conj           100%       1d8       1%          1
b - Searing Ray           Conj           74%        3d6       1%          2
c - Fulminant Prism       Conj/Hex       18%        3d11      4%          4
d - Dazzling Flash        Conj/Hex       74%        N/A       1%          3
e - Iskenderun's Mystic   Conj/Tloc      37%        2d9       4%          4
f - Foxfire               Conj/Fire      100%       2x1d9     1%          1
g - Passwall              Tmut/Erth      30%        N/A       1%          2
h - Vampiric Draining     Necr           18%        2d8       1%          3
Your spell library was empty.

Dungeon Overview and Level Annotations

Branches:
Dungeon (5/15)             Temple (1/1) D:5

Altars:
Ashenzari
Cheibriados
Elyvilon
Fedhas
Gozag
Hepliaklqana
Kikubaaqudgha
Nemelex Xobeh
Okawaru
Qazlal
Sif Muna
Uskayaw
Vehumet
Wu Jian
Xom
Yredelemnul
Zin
The Shining One

Shops:
D:2 *

Annotations:
D:3 2 runed translucent doors
D:5 Pikel


Innate Abilities, Weirdness & Mutations

You are immune to poison.
Your flesh is almost immune to the effects of heat. (rF+++)
You are vulnerable to cold. (rC-)
You float through the air rather than walking.
You learn spells naturally, not from books.
Your magical power is your life essence.
You have superior vitality. (+4 HP)
You have a pair of small horns on your head.
You are agile. (Dex +2)


Message History

Pikel is lightly wounded. (Press . to maintain the ray.)
Your fulminant prism crackles loudly. "Hum-dee-hum-dee-hum..."
Pikel suddenly seems more resistant.
The searing ray hits Pikel!
Pikel is moderately wounded.
A lemure comes into view.
Your fulminant prism explodes!
The blast of energy engulfs the lemure!!
The lemure is almost dead.
The blast of energy engulfs Pikel!
Pikel is severely wounded.
The searing ray hits Pikel.
Pikel is almost dead.
Pikel hits you with a +1 whip of freezing.
Pikel freezes you.
A lemure comes into view.
The searing ray misses Pikel.
You finish channeling your searing ray.
Pikel drinks a potion.
Pikel seems to grow stronger.
Casting: Searing Ray (safe; 1% risk of failure)
Confirm with . or Enter, or press ? or * to list all spells.
Aiming: Searing Ray (safe; 1% risk of failure)
Press: ? - help, Shift-Dir - straight line, f - lemure, p - Pikel
Aim: a lemure (almost dead, 24% to evade)
The searing ray hits Pikel.
Pikel is almost dead.
The searing ray hits the lemure!
You kill the lemure!
That felt strangely unrewarding. (Press . to maintain the ray.)
The lemure shouts!
Pikel hits you with a +1 whip of freezing!
* * * LOW HITPOINT WARNING * * *
Pikel freezes you!
* * * LOW HITPOINT WARNING * * *
Without enough magic to sustain it, your searing ray dissipates.
Pikel hits you with a +1 whip of freezing!
You die...
Xom thinks this is hilarious!

..##..........
.............n
..............
..###.........
..###.........
...#.......... #
....>......5..#### .##
...............K.## ###..#
......#.... .##@.##.....#
..........# #.###.........
..........# #.# ##......).
..........# #.####........
..........###...##........
..........##....#.........
......†...#...............
..........))).............
........))[)..............


You could see Pikel (strong, resistant) and a lemure.

Vanquished Creatures
  Grinder (D:3)
  An ice beast (D:3)
  A necrophage (D:5)
  3 lemures (D:5)
  A bullfrog (D:3)
  A scorpion (D:4)
  A hound (D:4)
  An orc priest (D:5)
  2 iguanas
  Natasha (thrice) (D:4)
  A hound zombie (D:5)
  A hound skeleton (D:4)
  4 adders
  3 worms (D:2)
  4 dart slugs
  12 orcs
  5 bats
  8 endoplasms
  13 goblins
  3 hobgoblins
  8 jackals
  7 kobolds
  3 quokkas
  5 ball pythons
  4 frilled lizards
  7 rats
103 creatures vanquished.

Vanquished Creatures (others)
  2 foxfires (D:3)
  5 fulminant prisms
7 creatures vanquished.

Grand Total: 110 creatures vanquished

Notes
Turn   | Place    | Note
-------+----------+-------------------------------------------
     0 | D:1      | jestyr24 the Djinni Conjurer began the quest for the Orb.
     0 | D:1      | Reached XP level 1. HP: 15/15 MP: 0/0
    83 | D:1      | Found a faded altar of an unknown god.
   137 | D:1      | Became a worshipper of Xom of Chaos
   238 | D:1      | XOM: silly message
   310 | D:1      | Reached XP level 2. HP: 20/21 MP: 0/0
   324 | D:1      | Reached skill level 4 in Spellcasting
   759 | D:1      | XOM: cloud trail
   869 | D:1      | Reached XP level 3. HP: 13/25 MP: 0/0
   869 | D:1      | Learned a level 1 spell: Foxfire
  1377 | D:2      | XOM: cloud trail
  1585 | D:2      | XOM: divination: magic mapping
  1594 | D:2      | XOM: noise
  1833 | D:2      | XOM: god gift: 18 gold pieces
  2009 | D:2      | XOM: 9-stop teleportation journey
  2012 | D:2      | Reached XP level 4. HP: 28/31 MP: 0/0
  2144 | D:2      | Found a snail-covered altar of Cheibriados.
  2193 | D:2      | Found Etweskuk's General Store.
  2375 | D:2      | XOM: god gift: 55 gold pieces
  2518 | D:3      | Noticed a bullfrog
  2518 | D:3      | a worm changed into a bullfrog
  2518 | D:3      | XOM: polymorph worm -> bullfrog
  2522 | D:3      | Killed a bullfrog
  2523 | D:3      | Reached skill level 5 in Spellcasting
  2523 | D:3      | Reached XP level 5. HP: 28/36 MP: 0/0
  2523 | D:3      | Learned a level 2 spell: Passwall
  2623 | D:3      | XOM: divination: detect items
  2796 | D:3      | XOM: silly message
  2846 | D:3      | Noticed Grinder
  2850 | D:3      | Paralysed by Grinder for 2 turns
  2855 | D:3      | Killed Grinder
  2856 | D:3      | Reached skill level 6 in Spellcasting
  2856 | D:3      | Reached XP level 6. HP: 32/41 MP: 0/0
  2897 | D:3      | XOM: noise
  3009 | D:3      | Found a large runed translucent door.
  3010 | D:3      | Found a large runed translucent door.
  3013 | D:3      | XOM: noise
  3014 | D:3      | Noticed an ice beast
  3021 | D:3      | Killed an ice beast
  3022 | D:3      | Reached XP level 7. HP: 41/46 MP: 0/0
  3022 | D:3      | Learned a level 3 spell: Vampiric Draining
  3069 | D:3      | XOM: god gift: sapphire potion {god gift}
  3076 | D:3      | Identified a scroll of acquirement
  3076 | D:3      | Acquired a manual of Short Blades
  3338 | D:3      | Reached skill level 1 in Fighting
  3668 | D:4      | XOM: noise
  3705 | D:4      | Noticed Natasha
  3709 | D:4      | Killed Natasha
  3723 | D:4      | XOM: 1-stop teleportation journey
  3741 | D:4      | Noticed Natasha
  3747 | D:4      | Killed Natasha
  3751 | D:4      | XOM: noise
  3785 | D:4      | XOM: potion effect (might)
  3788 | D:4      | Noticed Natasha
  3790 | D:4      | Reached skill level 1 in Short Blades
  3790 | D:4      | XOM: butterfly on damage
  3815 | D:4      | Killed Natasha
  4026 | D:4      | Found a hazy altar of Hepliaklqana.
  4192 | D:5      | Entered Level 5 of the Dungeon
  4192 | D:5      | Found a staircase to the Ecumenical Temple.
  4271 | Temple   | Entered the Ecumenical Temple
  4459 | Temple   | Fell from the grace of Xom
  4459 | Temple   | Became a worshipper of Elyvilon the Healer
  4661 | D:5      | Reached skill level 7 in Spellcasting
  4663 | D:5      | Reached XP level 8. HP: 48/54 MP: 0/0
  4694 | D:5      | Gained mutation: Your flesh is almost immune to the effects
                  | of heat. (rF+++) [potion of mutation]
  4694 | D:5      | Gained mutation: You have a pair of small horns on your
                  | head. [potion of mutation]
  4694 | D:5      | Gained mutation: You are agile. (Dex +2) [potion of
                  | mutation]
  4714 | D:5      | Noticed Pikel
  4720 | D:5      | XOM: enchant monster (bad)
  4724 | D:5      | HP: 1/54 [Pikel/+1 whip of freezing (9)]
  4725 | D:5      | Mangled by Pikel

Illustrated notes

Levels and vault maps discovered:
D:1:      eino_arrival_tree_alley, layout_rooms, basic_ecumenical_altar,
          minmay_misc_feat_square
D:2:      layout_loops_ring, basic_altar, serial_shops, shop_fountains,
          grunt_decor_one_mirror
D:3:      layout_basic, jmf_multi_god_temple2, uniq_grinder
D:4:      layout_basic, lemuel_coloured_pillars_altar, uniq_natasha
D:5:      layout_rooms, minmay_temple_entry_statues_fountains, uniq_eustachio,
          uniq_pikel
Temple:   minmay_crystal_spiral_temple

Skill      XL: |  1  2  3  4  5  6  7 |
---------------+----------------------+-----
Spellcasting   | 4 5 6 7 |  7.0
Stealth        | 2 |  2.9
Fighting       | 1 |  1.9
Dodging        | 3 |  3.7
Short Blades   | 2 |  2.3

Action                   |  1- 3 |  4- 6 |  7- 9 || total
-------------------------+-------+-------+-------++-------
Melee: Unarmed           |     1 |       |       ||     1
       Dagger            |       |     1 |    17 ||    18
 Cast: Magic Dart        |    72 |    25 |    68 ||   165
       Searing Ray       |     9 |     7 |    19 ||    35
       Foxfire           |       |     1 |       ||     1
       Fulminant Prism   |       |       |     5 ||     5
  Use: Scroll            |       |       |     6 ||     6
       Potion            |       |       |     1 ||     1
Armor: Robe              |       |     2 |    15 ||    17
Dodge: Dodged            |     8 |     7 |    33 ||    48

Table legend: (Time is in decaauts)
 A = Elapsed time spent in this place.
 B = Non-inter-level travel time spent in this place.
 C = Inter-level travel time spent in this place.
 D = Time resting spent in this place.
 E = Time spent auto-exploring this place.
 F = Levels seen in this place.
 G = Mean time per level.
                   A        B        C        D        E       F      G
               +--------+--------+--------+--------+--------+-----+--------+
         Total |   4723 |   4455 |    268 |    774 |   2943 |   6 |  787.2 |
       Dungeon |   4392 |   4325 |     67 |    774 |   2816 |   5 |  878.4 |
        Temple |    330 |    129 |    201 |      0 |    127 |   1 |  330.0 |
               +--------+--------+--------+--------+--------+-----+--------+

Top non-repeatable levels by time:
     D:2: 1342 daAuts
     D:1: 1173 daAuts
     D:3: 1151 daAuts
     D:4: 523 daAuts
  Temple: 330 daAuts
     D:5: 201 daAuts
